 Dungeon Crawl Stone Soup version 0.31-a0-237-g2d982f9f85 (webtiles) character file.

Game seed: 18157426685561231728

1117 Iniera the Chopper (level 8, -2/91 HPs)
             Began as a Vampire Gladiator on July 12, 2023.
             Slain by a troll (7 damage)
             ... on level 5 of the Dungeon.
             The game lasted 00:06:09 (5456 turns).

Iniera the Chopper (Vampire Gladiator)              Turns: 5456, Time: 00:06:10

Health: -2/91      AC: 24    Str: 15    XL:     8   Next: 12%
Magic:  8/8        EV:  2    Int: 10    God:
Gold:   125        SH:  0    Dex: 16    Spells: 7/7 levels left

rFire   . . .        q - +5 quick blade (venom)
rCold   . . .        (no shield)
rNeg    . . .        y - melded +0 chain mail
rPois   +            c - melded +0 helmet
rElec   .            k - melded +0 cloak
rCorr   .            x - melded +0 pair of gloves
SInv    +            (boots currently unavailable)
Will    +....        (no amulet)
Stlth   ++           g - ring of willpower
HPRegen 0.55/turn    s - ring of poison resistance
MPRegen 0.11/turn

%: no passive effects
@: tree-form, healing quickly
A: stationary, stasis, torment immunity, boosted hp, alive, (fangs 3), see
invisible, vampiric 2
a: Exsanguinate


You were on level 5 of the Dungeon.
You were a tree.
You visited 1 branch of the dungeon, and saw 5 of its levels.
You also visited: Sewer.

You collected 366 gold pieces.
You spent 241 gold pieces at shops.

Inventory:

Hand Weapons
 a - a +1 war axe
 p - a +2 hand axe of flaming
 q - a +5 quick blade of venom (weapon)
Missiles
 d - 3 throwing nets
 e - a javelin
 o - 6 poisoned darts (quivered)
Armour
 c - a +0 helmet (melded)
 k - a +0 cloak (melded)
 x - a +0 pair of gloves (melded)
 y - a +0 chain mail (melded)
Jewellery
 g - a ring of willpower (left branch)
 s - a ring of poison resistance (right branch)
Wands
 v - a wand of paralysis (8)
Scrolls
 f - 4 scrolls of teleportation
 i - a scroll of summoning
Potions
 h - a potion of mutation
 j - 2 potions of curing
 l - 2 potions of resistance
 m - a potion of ambrosia
 n - a potion of magic {unknown}
 t - a potion of lignification
 u - a potion of brilliance {unknown}
 w - a potion of berserk rage {unknown}


   Skills:
 + Level 4.7 Fighting
 * Level 4.9 Short Blades
 - Level 5.1 Axes
 - Level 2.0 Throwing
 + Level 2.1 Armour
 + Level 4.7 Dodging
 + Level 1.8 Stealth


You had 7 spell levels left.
You didn't know any spells.
Your spell library contained the following spells:

 Spells                   Type           Power      Damage    Failure   Level
 Kiss of Death            Conj/Necr      0%         2d5       36%         1
 Cigotuvi's Dreadful Rot  Necr/Pois/Air  0%         N/A       50%         2
 Confusing Touch          Hex            0%         N/A       75%         3
 Inner Flame              Hex/Fire       0%         N/A       75%         3
 Dispel Undead            Necr           0%         3d6       98%         4
 Flame Wave               Conj/Fire      0%         2d4       98%         4
 Sticky Flame             Conj/Fire      0%         2d3       98%         4
 Haunt                    Necr/Summ      0%         N/A       100%        7


Dungeon Overview and Level Annotations

Branches:
Dungeon (5/15)              Sewer (visited)
 Temple: D:4-7

Altars:
Ru
Wu Jian

Shops:
D:1 *   D:4 [


Innate Abilities, Weirdness & Mutations

You are a tree.
Your roots penetrate the ground, keeping you stationary.
You cannot be teleported.
You are immune to unholy pain and torment.
Your maximum health is greatly increased.
Your equipment is partially melded.
Your natural rate of healing is accelerated.
((You have razor-sharp teeth.))
You have supernaturally acute eyesight. (SInv)
You are afflicted with vampirism and can become a bat while bloodless.


Message History

* * * LOW HITPOINT WARNING * * *
The water moccasin bites you!
* * * LOW HITPOINT WARNING * * *
You feel much better. The troll bites you! The troll claws you!
* * * LOW HITPOINT WARNING * * *
The troll claws you but does no damage.
The water moccasin completely misses you.
Really quaff the potion of lignification?
You turn into a tree.
Your +0 cloak melds into your body.
Your +0 helmet melds into your body.
Your +0 pair of gloves melds into your body.
Your +0 chain mail melds into your body.
Your roots penetrate the ground.
The water moccasin bites you but does no damage.
The troll bites you but does no damage. The troll claws you but does no damage.
The troll claws you!
* * * LOW HITPOINT WARNING * * *
The water moccasin completely misses you.
You miss the water moccasin.
You hit the water moccasin but do no damage.
The water moccasin is severely wounded.
The troll bites you but does no damage. The troll claws you!
* * * LOW HITPOINT WARNING * * *
The troll claws you but does no damage.
The water moccasin bites you but does no damage.
You barely miss the water moccasin. You closely miss the water moccasin.
The water moccasin is severely wounded.
The troll bites you.
* * * LOW HITPOINT WARNING * * *
The troll claws you but does no damage. x2
The water moccasin bites you but does no damage.
The centaur shouts!
You hit the water moccasin.
The water moccasin looks as sick as possible!
You hit the water moccasin.
You kill the water moccasin!
You hear a shout!
The troll bites you but does no damage. The troll barely misses you.
The troll claws you!
You die...

#.##.###...#
#......# #.##+#
#..####.....# #..
##>.........# #..
######.....####.##
# #..............
# #.#..........##
#..c#.#.######
#..#T†.#.#
#....#♣.#.# #...c
##...# ...T #...#
..S ##..# .. ..# .
..# #.# ..# ..# .#
###


You could see a troll and a centaur.

Vanquished Creatures
  A troll (D:5)
  Menkaure (D:5)
  A water moccasin (D:5)
  A centaur (D:4)
  2 phantoms
  2 bullfrogs (Sewer)
  2 hounds
  2 jellies (D:5)
  4 orc wizards
  10 adders
  A river rat (D:3)
  A shadow imp (D:5)
  A worm (D:2)
  A dart slug (D:1)
  11 orcs
  7 ball pythons
  5 endoplasms
  16 giant cockroaches
  6 goblins
  4 hobgoblins
  8 kobolds
  10 quokkas
  5 bats
  11 frilled lizards
  3 rats
116 creatures vanquished.

Notes
Turn   | Place    | Note
-------+----------+-------------------------------------------
     0 | D:1      | Iniera the Vampire Gladiator began the quest for the Orb.
     0 | D:1      | Reached XP level 1. HP: 16/16 MP: 1/1
   168 | D:1      | Reached skill level 3 in Axes
   168 | D:1      | Reached XP level 2. HP: 20/22 MP: 2/2
   964 | D:1      | Found Cugif's General Store.
   972 | D:1      | Bought a scroll of teleportation for 42 gold pieces
  1092 | D:2      | Found a faded altar of an unknown god.
  1194 | D:2      | Gained mutation: You are afflicted with vampirism and can
                  | become a bat while bloodless. [Vampire growth]
  1194 | D:2      | Reached XP level 3. HP: 27/27 MP: 3/3
  1406 | D:2      | Got the Collected Works on Corpses
  2156 | D:3      | Reached skill level 4 in Axes
  2156 | D:3      | Reached XP level 4. HP: 12/34 MP: 4/4
  2341 | D:3      | Found a glowing drain.
  2375 | Sewer    | Entered a sewer
  2673 | Sewer    | Reached XP level 5. HP: 36/40 MP: 5/5
  2856 | Sewer    | HP: 1/41 [bullfrog (4)]
  2860 | Sewer    | Reached skill level 5 in Axes
  2860 | Sewer    | Reached skill level 1 in Armour
  2860 | Sewer    | Reached XP level 6. HP: 12/47 MP: 6/6
  3659 | D:3      | Found an ornate altar of the Wu Jian Council.
  4100 | D:4      | Reached skill level 1 in Short Blades
  4141 | D:4      | Reached XP level 7. HP: 15/54 MP: 7/7
  4271 | D:4      | Found Qaubrom's Antique Armour Boutique.
  4290 | D:4      | Bought a pair of jewelled boots for 199 gold pieces
  4290 | D:4      | Identified the -2 pair of boots of Complete Protection
                  | {*Slow rN++ Dex+3 Stlth+} (You bought it in a shop on level
                  | 4 of the Dungeon)
  4863 | D:5      | Entered Level 5 of the Dungeon
  4951 | D:5      | Noticed Menkaure
  5011 | D:5      | Killed Menkaure
  5336 | D:5      | Found a sacrificial altar of Ru.
  5434 | D:5      | Noticed a troll
  5444 | D:5      | Killed a troll
  5445 | D:5      | Reached skill level 1 in Stealth
  5445 | D:5      | Reached XP level 8. HP: 28/61 MP: 8/8
  5450 | D:5      | Noticed a troll
  5451 | D:5      | HP: 1/61 [water moccasin (7)]
  5456 | D:5      | Slain by a troll

Illustrated notes

Levels and vault maps discovered:
D:1:      dpeg_arrival_signposts, layout_loops_ring, serial_shops,
          nicolae_shop_statue_plus, corner_web_ring
D:2:      layout_loops_corners, ebering_ecumenical_altar_petrified
D:3:      layout_basic, nicolae_wu_jian_immortal_techniques,
          gup_sewer_entry_spiral
D:4:      layout_basic, serial_shops, shop_statue, hangedman_decor_riveting
D:5:      layout_basic, hangedman_ru_absence, tso_oasis_becter,
          serial_bayou_ford_a, minmay_manual_moon, uniq_menkaure

Skill      XL: |  1  2  3  4  5  6  7 |
---------------+----------------------+-----
Fighting       | 2 3 4 |  4.7
Axes           | 3 4 5 |  5.1
Throwing       | 2 |  2.0
Armour         | 1 2 |  2.1
Short Blades   | 2 4 |  4.9
Dodging        | 4 |  4.7
Stealth        | 1 |  1.8

Action                     |  1- 3 |  4- 6 |  7- 9 || total
---------------------------+-------+-------+-------++-------
  Melee: War axe           |   108 |       |       ||   108
         Punch             |     1 |     1 |     4 ||     6
         Bite              |     9 |    13 |    10 ||    32
         Hand axe          |     7 |   146 |       ||   153
         Quick blade       |       |    67 |   101 ||   168
  Throw: Dart              |     3 |       |       ||     3
    Use: Scroll            |     5 |     2 |     4 ||    11
         Potion            |       |     5 |     2 ||     7
   Stab: Sleeping          |       |     1 |       ||     1
 Armour: Leather armour    |    38 |    67 |    11 ||   116
         Chain mail        |       |       |    16 ||    16
         Skin              |       |       |    10 ||    10
  Dodge: Dodged            |    93 |   127 |    36 ||   256

Table legend: (Time is in decaauts)
 A = Elapsed time spent in this place.
 B = Non-inter-level travel time spent in this place.
 C = Inter-level travel time spent in this place.
 D = Time resting spent in this place.
 E = Time spent auto-exploring this place.
 F = Levels seen in this place.
 G = Mean time per level.
                   A        B        C        D        E       F      G
               +--------+--------+--------+--------+--------+-----+--------+
         Total |   5598 |   5314 |    284 |    416 |   3850 |   6 |  933.0 |
       Dungeon |   4922 |   4638 |    284 |    189 |   3728 |   5 |  984.4 |
         Sewer |    675 |    675 |      0 |    227 |    122 |   1 |  675.0 |
               +--------+--------+--------+--------+--------+-----+--------+

Top non-repeatable levels by time:
     D:3: 1339 daAuts
     D:2: 1101 daAuts
     D:1: 1024 daAuts
     D:4: 905 daAuts
   Sewer: 675 daAuts
     D:5: 552 daAuts
